 Dungeon Crawl Stone Soup version 0.22-a0-414-gacd343e (webtiles) character file.

2941 Firecrotchwizard the Cleaver (level 9, -6/79 HPs)
             Began as a Minotaur Gladiator on May 13, 2018.
             Was a Believer of Makhleb.
             Mangled by a yak (10 damage)
             ... on level 8 of the Dungeon.
             The game lasted 00:12:18 (7640 turns).

Firecrotchwizard the Cleaver (Minotaur Gladiator)   Turns: 7640, Time: 00:12:19

Health: -6/79      AC: 13    Str: 20    XL:     9   Next: 51%
Magic:  8/8        EV: 11    Int:  5    God:    Makhleb [**....]
Gold:   328        SH:  0    Dex: 14    Spells: 8/8 levels left

rFire    . . .     SeeInvis .   a - +1 war axe
rCold    . . .     Gourm    .   (no shield)
rNeg     . . .     Faith    .   g - +0 chain mail
rPois    .         Spirit   .   c - +2 hat
rElec    .         Reflect  .   (no cloak)
rCorr    .         Harm     .   (no gloves)
MR       .....                  (no boots)
Stlth    ..........             (no amulet)
HPRegen  0.23/turn              l - +2 ring of protection
MPRegen  0.11/turn              (no ring)

@: no status effects
A: retaliatory headbutt, horns 2
a: Minor Destruction, Renounce Religion


You were on level 8 of the Dungeon.
You worshipped Makhleb.
Makhleb was pleased with you.
You were not hungry.

You visited 2 branches of the dungeon, and saw 9 of its levels.

You collected 354 gold pieces.
You spent 26 gold pieces at shops.

Inventory:

Hand Weapons
 a - a +1 war axe (weapon)
 b - a +2 hunting sling of flaming
   (You found it on level 4 of the Dungeon)
 v - a +1 mace of protection
   (You took it off an orc on level 3 of the Dungeon)
 C - a +0 mace of protection
   (You found it on level 8 of the Dungeon)
 F - a +0 battleaxe
   (You found it on level 8 of the Dungeon)
Missiles
 d - 3 throwing nets {=f, !d}
 A - 250 stones (quivered)
 B - 51 sling bullets
Armour
 c - a +2 hat (worn)
 g - a +0 chain mail (worn)
   (You found it on level 1 of the Dungeon)
 s - a +2 robe of positive energy
   (You took it off an orc wizard on level 6 of the Dungeon)
 y - a +0 leather armour
Jewellery
 k - an uncursed ring of wizardry {Wiz+, !d}
   (You found it on level 1 of the Dungeon)
 l - a +2 ring of protection (left hand)
   (You found it on level 1 of the Dungeon)
Wands
 o - a wand of flame (37)
   (You found it on level 7 of the Dungeon)
Scrolls
 h - a scroll of enchant weapon
 j - 6 scrolls of remove curse
 m - 6 scrolls of identify
 n - a scroll of fog {unknown}
 p - a scroll of vulnerability {unknown}
 t - a scroll of noise {unknown}
 u - a scroll of teleportation {unknown}
 x - a scroll of random uselessness {unknown}
 E - a scroll of fear {unknown}
Potions
 e - 7 potions of curing
 i - 4 potions of haste
 q - a potion of resistance {unknown}
 r - 2 potions of flight {unknown}
 w - a potion of degeneration {unknown}
 z - 3 potions of lignification {!q}
Comestibles
 f - 9 rations {@e1}
 D - 2 chunks of flesh {@w0}


   Skills:
 - Level 7.2 Fighting
 * Level 11.7 Axes
 - Level 2.0 Throwing
 - Level 4.9 Armour
 - Level 7.1 Dodging


You had 8 spell levels left.
You didn't know any spells.
Your spell library contained the following spells:

 Spells                   Type           Power        Failure   Level  Hunger
 Fireball                 Conj/Fire      #.........   100%        5    ######.
 Conjure Flame            Conj/Fire      #.......     100%        3    ####...
 Throw Flame              Conj/Fire      #.....       100%        2    ###....
 Sticky Flame             Conj/Fire      #.......     100%        4    #####..
 Flame Tongue             Conj/Fire      #....        99%         1    ##.....
 Inner Flame              Hex/Fire       #.......     100%        3    ####...


Dungeon Overview and Level Annotations

Branches:
Dungeon (8/15)             Temple (1/1) D:4
   Lair: D:8-11

Altars:
Cheibriados
Dithmenos
Elyvilon
Fedhas
Gozag
Hepliaklqana
Kikubaaqudgha
Makhleb
Nemelex Xobeh
Okawaru
Qazlal
Ru
Sif Muna
Trog
Vehumet
Xom
Zin
The Shining One

Shops:
D:5 *

Annotations:
D:5 exclusion: 2 doors


Innate Abilities, Weirdness & Mutations

You reflexively headbutt those who attack you in melee.
You have a pair of horns on your head.


Message History

You closely miss the dream sheep. You hit the dream sheep.
You hit the yak but do no damage. You slash the big kobold!
The dream sheep bites you but does no damage.
The yak closely misses you.
The dream sheep shake their wool and sparkle.
You feel drowsy...
You fall asleep.
The big kobold completely misses you. The dream sheep misses you.
The yak misses you. The dream sheep closely misses you.
The yak barely misses you.
The big kobold hits you with a falchion of flaming!
You wake up.
The big kobold burns you.
You take 16 damage, and have 61/79 hp.
MASSIVE DAMAGE!!
You closely miss the dream sheep.
You kill the dream sheep!
Makhleb accepts your kill.
You can now harness Makhleb's destructive might.
You completely miss the dream sheep. You slash the yak!
You slash the big kobold! You hit the yak. The yak gores you.
The dream sheep bites you but does no damage.
The yak gores you.
The big kobold hits you with a falchion of flaming.
The big kobold burns you.
You take 10 damage, and have 51/79 hp.
The yak barely misses you.
The dream sheep bites you but does no damage.
The yak gores you but does no damage.
Things that are here:
a book of Maledictions; a dream sheep corpse The big kobold throws a stone.
The stone hits you but does no damage.
The dream sheep bites you but does no damage.
The yak barely misses you.
You see here a stone.
You slash the dream sheep! You hit the yak but do no damage. You slash the yak!
The yak gores you!
The big kobold throws a stone.
The stone closely misses you.
The dream sheep bites you but does no damage.
The yak gores you but does no damage.
You take 10 damage, and have 41/79 hp.
You hit the dream sheep.
You kill the dream sheep!
Makhleb accepts your kill.
Your Axes skill increases to level 11!
You hit the yak. x2; The yak gores you!
The big kobold throws a stone.
The stone misses you. The yak gores you!
You take 16 damage, and have 25/79 hp.
MASSIVE DAMAGE!!
You hit the big kobold.
Your chain mail prevents you from hitting the yak.
You barely miss the yak.
The big kobold hits you but does no damage.
The yak barely misses you.
The big kobold throws a stone.
The stone hits you but does no damage. The yak completely misses you.
Your chain mail prevents you from hitting the yak.
You barely miss the yak.
You hit the big kobold but do no damage.
The big kobold hits you but does no damage.
The yak barely misses you. You furiously retaliate!
You headbutt the yak!
The big kobold throws a stone.
The stone hits you but does no damage. The yak gores you.
* * * LOW HITPOINT WARNING * * *
You take 3 damage, and have 22/79 hp.
You hit the yak but do no damage. Your headbutt misses the yak.
Your chain mail prevents you from hitting the big kobold.
You hit the yak but do no damage.
The big kobold hits you but does no damage.
The yak barely misses you. The yak misses you.
You hit the yak. You headbutt the yak.
You hit the big kobold but do no damage.
You slash the big kobold! You slash the yak! The big kobold closely misses you.
The yak gores you.
* * * LOW HITPOINT WARNING * * *
The big kobold hits you but does no damage.
The yak gores you.
* * * LOW HITPOINT WARNING * * *
You take 8 damage, and have 14/79 hp.
You hit the yak but do no damage. You slash the big kobold!
You kill the big kobold!
Makhleb accepts your kill.
You slash the big kobold! You closely miss the yak.
The yak gores you but does no damage.
The big kobold hits you but does no damage.
You hit the yak. You hit the big kobold. You hit the yak. The yak gores you.
* * * LOW HITPOINT WARNING * * *
The yak closely misses you. The big kobold hits you with a dagger.
* * * LOW HITPOINT WARNING * * *
You take 4 damage, and have 11/79 hp.
You barely miss the yak. You slash the yak!
You kill the yak!
Makhleb accepts your kill.
You hit the big kobold. The yak barely misses you.
The big kobold hits you but does no damage.
You completely miss the yak. You slash the big kobold!
You kill the big kobold!
Makhleb accepts your kill. The yak barely misses you.
You closely miss the yak. The yak gores you!
* * * LOW HITPOINT WARNING * * *
You take 7 damage, and have 4/79 hp.
You hit the yak. You headbutt the yak, but do no damage. The yak gores you!
You die...

#######
#%%...+
#.....#
#####
##))'###+#
....#
#.@Y.%P≈=#
###.#
#..%..≈≈P#
###.###
#(.P..P≈≈#
......
#..%...≈P#
.##.####
#.≈.≈.≈PP#
........
####.#####
....## ..#
.#### .##
...#


You could see a yak.

Vanquished Creatures
  A hippogriff (D:5)
  2 dream sheep (D:8)
  A yak (D:8)
  Menkaure (D:6)
  A black bear (D:8)
  A sky beast (D:6)
  An ice beast (D:5)
  3 ogres
  2 big kobolds (D:8)
  3 bullfrogs
  5 killer bees (D:7)
  A howler monkey (D:8)
  2 jellies
  2 crimson imps
  2 bullfrog skeletons
  A centaur zombie (D:6)
  3 hounds
  An orc priest (D:6)
  A centaur skeleton (D:5)
  3 iguanas
  5 worker ants
  3 orc wizards
  A hound zombie (D:7)
  A hound skeleton (D:8)
  Robin (D:2)
  4 gnolls (D:4)
  A worker ant zombie (D:6)
  11 adders
  2 shadow imps
  4 oozes
  An adder zombie (D:6)
  3 worms
  A dart slug (D:3)
  5 leopard geckos
  20 orcs
  11 bats
  4 giant cockroaches
  12 goblins
  13 hobgoblins
  22 jackals
  5 quokkas
  5 ball pythons
  4 frilled lizards
  6 kobolds
  A leopard gecko skeleton (D:5)
  10 rats
193 creatures vanquished.

Notes
Turn   | Place    | Note
-------+----------+-------------------------------------------
     0 | D:1      | Firecrotchwizard the Minotaur Gladiator began the quest for the Orb.
     0 | D:1      | Reached XP level 1. HP: 18/18 MP: 0/0
   137 | D:1      | Reached skill level 4 in Axes
   168 | D:1      | Reached XP level 2. HP: 25/25 MP: 1/1
   547 | D:1      | Reached skill level 3 in Fighting
   569 | D:1      | Reached XP level 3. HP: 29/31 MP: 2/2
  1220 | D:2      | Noticed Robin
  1226 | D:2      | Reached XP level 4. HP: 31/38 MP: 3/3
  1231 | D:2      | Reached skill level 5 in Axes
  1234 | D:2      | Reached skill level 4 in Dodging
  1236 | D:2      | HP: 8/38 [rat (2)]
  1238 | D:2      | Killed Robin
  1242 | D:2      | HP: 6/38 [poisoned by an adder]
  1250 | D:2      | HP: 5/38 [poisoned by an adder]
  2265 | D:3      | Reached XP level 5. HP: 46/46 MP: 4/4
  2349 | D:3      | Found a faded altar of an unknown god.
  2425 | D:3      | Reached skill level 4 in Fighting
  3429 | D:4      | Reached skill level 6 in Axes
  3647 | D:4      | Reached XP level 6. HP: 41/53 MP: 5/5
  3828 | D:4      | Found a staircase to the Ecumenical Temple.
  3847 | Temple   | Entered the Ecumenical Temple
  3885 | Temple   | Became a worshipper of Makhleb the Destroyer
  4493 | D:5      | Entered Level 5 of the Dungeon
  4538 | D:5      | Found a bloodstained altar of Trog.
  4567 | D:5      | Reached skill level 5 in Dodging
  4582 | D:5      | Reached skill level 7 in Axes
  4682 | D:5      | Reached skill level 5 in Fighting
  4682 | D:5      | Reached XP level 7. HP: 55/61 MP: 6/6
  4806 | D:5      | Noticed a hippogriff
  4817 | D:5      | Killed a hippogriff
  4817 | D:5      | Reached skill level 1 in Armour
  5060 | D:5      | Reached skill level 8 in Axes
  5060 | D:5      | Reached skill level 2 in Armour
  5325 | D:5      | Found Igicurev's General Store.
  5336 | D:5      | Bought a scroll of identify for 26 gold pieces
  5473 | D:6      | Reached * piety under Makhleb
  5473 | D:6      | Reached XP level 8. HP: 44/70 MP: 7/7
  5478 | D:6      | Reached skill level 6 in Dodging
  5655 | D:6      | Reached skill level 6 in Fighting
  5714 | D:6      | Noticed Menkaure
  5725 | D:6      | Killed Menkaure
  5725 | D:6      | Reached skill level 3 in Armour
  5958 | D:6      | Reached skill level 9 in Axes
  6076 | D:6      | Found a sacrificial altar of Ru.
  6585 | D:7      | Found a white marble altar of Elyvilon.
  6664 | D:7      | Reached skill level 4 in Armour
  6835 | D:7      | Reached skill level 7 in Fighting
  6835 | D:7      | Reached skill level 10 in Axes
  7171 | D:7      | Reached XP level 9. HP: 79/79 MP: 8/8
  7421 | D:8      | Reached skill level 7 in Dodging
  7626 | D:8      | Reached ** piety under Makhleb
  7630 | D:8      | Reached skill level 11 in Axes
  7634 | D:8      | HP: 16/79 [yak (6)]
  7639 | D:8      | HP: 4/79 [yak (8)]
  7640 | D:8      | Mangled by a yak

Vault maps used:
D:1:      dpeg_arrival_tiny_b, kennysheep_boxes
D:2:      minmay_tromino_v7, uniq_robin
D:3:      chequers_ecumenical_altar_simple, minmay_misc_feat_roman,
          saegor_snake_ambush
D:4:      minmay_temple_entry_large_hall, first_ration
D:5:      cheibrodos_two_vegetables, serial_shops, shop,
          trog_three_pillars_becter
D:6:      nicolae_ru_great_annihilating_truth, uniq_menkaure
D:7:      old_standard_altar
D:8:      hangedman_abyss_or_decor_slice, hangedman_ranch
Temple:   nicolae_temple_the_god_donut

Skill      XL: |  1  2  3  4  5  6  7  8  9 |
---------------+----------------------------+-----
Axes           | 4 5 6 7 8 10 11 | 11.7
Fighting       | 3 4 5 7 |  7.2
Dodging        | 4 5 6 7 |  7.1
Armour         | 2 4 |  4.9
Throwing       | |  2.0

Action                   |  1- 3 |  4- 6 |  7- 9 || total
-------------------------+-------+-------+-------++-------
Melee: War axe           |    85 |   179 |   183 ||   447
       Headbutt          |     9 |    30 |    34 ||    73
 Fire: Hunting sling     |       |    13 |     4 ||    17
Throw: Stone             |       |     8 |    20 ||    28
  Use: Scroll            |       |       |     8 ||     8
  Eat: Chunk             |     1 |    11 |     7 ||    19
       Ration            |       |       |     1 ||     1
Armor: Chain mail        |    64 |   110 |   120 ||   294
Dodge: Dodged            |    53 |   117 |   132 ||   302

Table legend:
 A = Spawn XP
 B = Non-spawn XP
 C = Spawn XP percentage of total XP
 D = Spawn monster count
 E = Non-spawn monster count
 F = Spawn count percentage of total count
 G = Total turns spent on level
                    A         B        C        D         E        F      G
               +---------+---------+-------+---------+---------+-------+---------
         Total |       0 |    4202 |   0.0 |       0 |     193 |   0.0 |  7640
               +---------+---------+-------+---------+---------+-------+---------
           D:1 |       0 |      41 |   0.0 |       0 |      21 |   0.0 |   970
           D:2 |       0 |     121 |   0.0 |       0 |      39 |   0.0 |  1366
           D:3 |       0 |     117 |   0.0 |       0 |      36 |   0.0 |   833
           D:4 |       0 |     257 |   0.0 |       0 |      20 |   0.0 |  1270
           D:5 |       0 |     784 |   0.0 |       0 |      24 |   0.0 |  1048
           D:6 |       0 |     878 |   0.0 |       0 |      25 |   0.0 |   905
           D:7 |       0 |     656 |   0.0 |       0 |      13 |   0.0 |   934
           D:8 |       0 |    1348 |   0.0 |       0 |      15 |   0.0 |   245
               +---------+---------+-------+---------+---------+-------+---------

Vault maps used:
D:1:      dpeg_arrival_tiny_b, kennysheep_boxes
D:2:      minmay_tromino_v7, uniq_robin
D:3:      chequers_ecumenical_altar_simple, minmay_misc_feat_roman,
          saegor_snake_ambush
D:4:      minmay_temple_entry_large_hall, first_ration
D:5:      cheibrodos_two_vegetables, serial_shops, shop,
          trog_three_pillars_becter
D:6:      nicolae_ru_great_annihilating_truth, uniq_menkaure
D:7:      old_standard_altar
D:8:      hangedman_abyss_or_decor_slice, hangedman_ranch
Temple:   nicolae_temple_the_god_donut

Table legend:
 A = Turns spent in this place as a percentage of turns spent in the entire game.
 B = Non-inter-level travel turns spent in this place as a percentage of non-inter-level travel turns spent in the entire game.
 C = Inter-level travel turns spent in this place as a percentage of turns spent in this place.
 D = Turns resting spent in this place as a percentage of non-inter-level travel turns spent in this place.
 E = Turns spent auto-exploring this place as a percentage of non-inter-level travel turns spent in this place.
 F = Non-inter-level travel turns spent in this place divided by the number of levels of this place that you've seen.
                   A       B       C       D       E      F
               +-------+-------+-------+-------+-------+----------------------
         Total | 100.0 | 100.0 |   6.9 |  18.5 |  65.7 | 790.1
       Dungeon |  99.1 |  99.5 |   6.6 |  18.6 |  66.0 | 884.0
        Temple |   0.9 |   0.5 |  43.5 |   0.0 |   0.0 |  39.0
               +-------+-------+-------+-------+-------+----------------------

Table legend:
 A = Kills in this place as a percentage of kills in entire the game.
 B = Kills by you in this place as a percentage of kills by you in the entire game.
 C = Kills by friends in this place as a percentage of kills by friends in the entire game.
 D = Other kills in this place as a percentage of other kills in the entire game.
 E = Experience gained in this place as a percentage of experience gained in the entire game.
 F = Experience gained in this place divided by the number of levels of this place that you have seen.
                   A       B       C       D       E      F
               +-------+-------+-------+-------+-------+----------------------
         Total | 100.0 | 100.0 |   N/A |   N/A | 100.0 | 466.9
       Dungeon | 100.0 | 100.0 |   N/A |   N/A | 100.0 | 525.2
               +-------+-------+-------+-------+-------+----------------------
